 Dungeon Crawl Stone Soup version 0.22-a0-3-g4fa69d9 (webtiles) character file.

223 tidbits the Grave Robber (level 6, 6/41 (44) HPs)
             Began as a Gnoll Necromancer on Jan 1, 2018.
             Was an Initiate of Cheibriados.
             Quit the game on level 9 of the Dungeon.
             The game lasted 00:12:53 (1133 turns).

tidbits the Grave Robber (Gnoll Necromancer)        Turns: 1133, Time: 00:12:54

HP:   6/41 (44)     AC:  5    Str: 12    XL:     6   Next: 0%
MP:   1/13          EV: 14    Int: 20    God:    Cheibriados [......]
Gold: 11            SH:  0    Dex: 16    Spells: 0/15 levels left

rFire    . . .     SeeInvis .   h - +1 dagger
rCold    . . .     Gourm    +   (no shield)
rNeg     . . .     Faith    .   e - +0 robe
rPois    .         Spirit   .   E - +2 helmet
rElec    .         Reflect  .   (no cloak)
rCorr    .         Harm     .   (no gloves)
MR       .....                  (no boots)
Stlth    +++.......             k - amulet of the gourmand
HPRegen  0.13/turn              Y - +3 ring of slaying
MPRegen  0.13/turn              (no ring)

@: drained, very slow
A: distributed training, fangs 1, strong nose
a: Bend Time, Renounce Religion


You were on level 9 of the Dungeon.
You worshipped Cheibriados.
Cheibriados was noncommittal.
You were not hungry.

You visited 2 branches of the dungeon, and saw 11 of its levels.

You collected 11 gold pieces.

Inventory:

Hand Weapons
 a - a +0 long sword
 f - a -2 dagger
 h - a +1 dagger (weapon)
Missiles
 d - 24 sling bullets
 i - 17 arrows
 j - a tomahawk (quivered)
 l - 3 tomahawks of dispersal {!f}
Armour
 e - a +0 robe (worn)
 E - a +2 helmet (worn)
Jewellery
 k - an amulet of the gourmand (around neck)
   (You found it on level 6 of the Dungeon)
 Y - a +3 ring of slaying (left hand)
   (You found it on level 2 of the Dungeon)
Books
 b - a book of Necromancy

   Spells                             Type                      Level
   a - Pain                           Necromancy                   1
   b - Animate Skeleton               Necromancy                   1
   c - Vampiric Draining              Necromancy                   3
   d - Regeneration                   Charms/Necromancy            3
   e - Animate Dead                   Necromancy                   4
   f - Borgnjor's Vile Clutch         Necromancy/Earth             5
 g - a book of Changes
   (You found it on level 10 of the Dungeon)

   Spells                             Type                      Level
   a - Beastly Appendage              Transmutation                1
   b - Sticks to Snakes               Transmutation                2
   c - Spider Form                    Transmutation/Poison         3
   d - Ice Form                       Ice/Transmutation            4
   e - Blade Hands                    Transmutation                5
Comestibles
 c - 5 rations
 m - a chunk of flesh


   Skills:
 + Level 1.6(0.9) Fighting
 + Level 1.6(0.9) Short Blades
 + Level 1.6(0.9) Long Blades
 + Level 1.6(0.9) Axes
 + Level 1.6(0.9) Maces & Flails
 + Level 1.6(0.9) Polearms
 + Level 1.6(0.9) Staves
 + Level 1.6(0.9) Slings
 + Level 1.6(0.9) Bows
 + Level 1.6(0.9) Crossbows
 + Level 1.6(0.9) Throwing
 + Level 1.6(0.9) Armour
 + Level 4.8(4.0) Dodging
 + Level 4.5(3.7) Stealth
 + Level 1.6(0.9) Shields
 + Level 1.6(0.9) Unarmed Combat
 + Level 5.2(4.4) Spellcasting
 + Level 1.3(0.6) Conjurations
 + Level 1.3(0.6) Hexes
 + Level 1.3(0.6) Charms
 + Level 1.3(0.6) Summonings
 + Level 7.2(6.4) Necromancy
 + Level 1.3(0.6) Translocations
 + Level 1.3(0.6) Transmutations
 + Level 1.3(0.6) Fire Magic
 + Level 1.3(0.6) Ice Magic
 + Level 1.3(0.6) Air Magic
 + Level 1.3(0.6) Earth Magic
 + Level 1.3(0.6) Poison Magic
 + Level 1.9(1.1) Invocations
 + Level 1.6(0.9) Evocations


You couldn't memorise any spells.
You knew the following spells:

 Your Spells              Type           Power        Failure   Level  Hunger
a - Pain                  Necr           ####         1%          1    None
d - Vampiric Draining     Necr           ####......   2%          3    ###....
k - Sticks to Snakes      Tmut           #.......     14%         2    #......
n - Animate Skeleton      Necr           N/A          1%          1    None
r - Regeneration          Chrm/Necr      ###.......   9%          3    ###....
v - Borgnjor's Vile Clut  Necr/Erth      ###.......   63%         5    ######.


Dungeon Overview and Level Annotations

Branches:
Dungeon (10/15)            Temple (1/1) D:5             Orc (0/2) D:9
   Lair: D:8-11

Altars:
Ashenzari
Cheibriados
Dithmenos
Elyvilon
Fedhas
Gozag
Hepliaklqana
Makhleb
Okawaru
Ru
Trog
Uskayaw
Wu Jian
Xom
The Shining One

Annotations:
D:9 Grum
D:10 Erica


Innate Abilities, Weirdness & Mutations

Your experience applies equally to all skills.
You have very sharp teeth.
Your uncanny sense of smell can sniff out nearby items.


Message History

Your ball python barely misses Grum.
Your ball python bites Grum.
Your ball python barely misses Grum.
Grum barely misses your river rat skeleton.
Your river rat skeleton bites Grum.
Your ball python bites Grum but does no damage.
Your ball python grabs Grum.
Your ball python constricts Grum.
Grum struggles to escape constriction.
Your river rat skeleton bites Grum.
Your ball python bites Grum.
Your ball python constricts Grum.
Your ball python bites Grum but does no damage.
Your ball python constricts Grum.
Grum struggles to escape constriction.
Your river rat skeleton bites Grum.
Your ball python bites Grum but does no damage.
Your ball python constricts Grum.
Grum escapes!
Casting: Sticks to Snakes
Confirm with . or Enter, or press ? or * to list all spells.
You create a snake!
You now have 19 arrows.
Your river rat skeleton completely misses the wolf.
The wolf bites your river rat skeleton!
Your ball python misses Grum.
Your ball python grabs Grum.
Your ball python constricts Grum.
Grum struggles to escape constriction.
The wolf bites your river rat skeleton!
Your river rat skeleton is destroyed!
Your ball python bites Grum but does no damage.
Your ball python constricts Grum.
Grum struggles to escape constriction.
Your ball python barely misses Grum.
Your ball python constricts Grum.
Grum escapes!
Your ball python bites Grum but does no damage.
Your ball python grabs Grum.
Your ball python constricts Grum.
Unknown command.
Grum hits your ball python with an enchanted glaive!
Your ball python dies!
Something hits your ball python!
Your ball python dies!
You aren't carrying any potions.
Unknown command.
There is an open door here.
The wolf barely misses you.
Okay, then.
Casting: Sticks to Snakes
Confirm with . or Enter, or press ? or * to list all spells.
You create a snake!
You now have 18 arrows.
The wolf closely misses you. The wolf bites you. The wolf barely misses you.
You swap places.
The wolf barely misses your ball python.
The wolf closely misses your ball python.
The wolf barely misses your ball python.
Your ball python completely misses the wolf.
Your ball python grabs the wolf.
Your ball python constricts the wolf.
The wolf bites your ball python.
Your ball python dies!
Casting: Sticks to Snakes
Confirm with . or Enter, or press ? or * to list all spells.
You create a snake!
You now have 17 arrows.
The wolf bites you! The wolf barely misses you. The wolf bites you.
* * * LOW HITPOINT WARNING * * *
Your adder barely misses the wolf.
The wolf bites your adder!
Your adder dies!
There is an open door here.
Okay, then.
You aren't carrying any potions.
Unknown command.
Okay, then.
You aren't carrying any potions.
Unknown command.
Okay, then.
Okay, then.
Unknown command.
You aren't carrying any potions.
Unknown command.
Wield which item (- for none, * to show all)? (? for menu, Esc to quit)
h - a +1 dagger (weapon)
The wolf closely misses you.
You closely miss the wolf. The wolf closely misses you.
You hit the wolf but do no damage. The wolf bites you!
* * * LOW HITPOINT WARNING * * *
The wolf closely misses you.
You hit the wolf.
The wolf is lightly wounded.
The wolf bites you but does no damage. The wolf completely misses you.
Casting: Sticks to Snakes
Confirm with . or Enter, or press ? or * to list all spells.
You don't have enough magic to cast that spell.
Casting: Sticks to Snakes
Confirm with . or Enter, or press ? or * to list all spells.
Aiming: Vampiric Draining
Press: ? - help, Shift-Dir - straight line, f - wolf
Aim: a wolf The wolf is moderately wounded.
You feel life coursing into your body. The wolf bites you!
* * * LOW HITPOINT WARNING * * *
The wolf bites you.
* * * LOW HITPOINT WARNING * * *
You aren't carrying any potions.
Unknown command.
Level annotation: Grum Welcome back, tidbits the Gnoll Necromancer.
Cheibriados says: Take it easy.
Press ? for a list of commands and other information.
Are you sure you want to abandon this character and quit the game? (Confirm with "yes".)

# .. .#.#. ..#..
###..##### #........###
#.......hhh#
+.......@#.############
#........#h#..........###
#........#.#........g.#.h
#........#.'..........).#
#....>...###..........###
###'###### ########'###
#.# #..# #.# #.## #.#
###.###


You could see 3 wolves.

Vanquished Creatures
  A bullfrog (D:7)
  A bullfrog skeleton (D:9)
  An orc wizard (D:5)
  A hell rat (D:9)
  2 adders (D:2)
  A river rat (D:9)
  2 worms (D:2)
  A dart slug (D:2)
  2 orcs
  A giant cockroach (D:2)
  3 goblins (D:2)
  2 hobgoblins
  2 jackals (D:2)
  A kobold (D:2)
  2 quokkas (D:2)
  3 bats
  3 frilled lizards
  3 rats
32 creatures vanquished.

Vanquished Creatures (collateral kills)
  A hound (D:7)
1 creature vanquished.

Grand Total: 33 creatures vanquished

Notes
Turn   | Place    | Note
-------+----------+-------------------------------------------
     0 | D:1      | tidbits the Gnoll Necromancer began the quest for the Orb.
     0 | D:1      | Reached XP level 1. HP: 13/13 MP: 6/6
   173 | D:2      | Reached XP level 2. HP: 12/19 MP: 1/7
   176 | D:2      | Learned a level 1 spell: Animate Skeleton
   264 | D:2      | Found a bloodstained altar of Trog.
   355 | D:2      | Reached XP level 3. HP: 18/25 MP: 3/9
   365 | D:2      | Learned a level 3 spell: Vampiric Draining
   369 | D:2      | Learned a level 3 spell: Regeneration
   399 | D:2      | Found a shadowy altar of Dithmenos.
   399 | D:2      | Found a hazy altar of Hepliaklqana.
   462 | D:2      | Reached skill level 5 in Spellcasting
   547 | D:2      | Reached skill level 1 in Invocations
   577 | D:5      | Entered Level 5 of the Dungeon
   604 | D:5      | Reached skill level 1 in Fighting
   604 | D:5      | Reached skill level 1 in Short Blades
   604 | D:5      | Reached skill level 1 in Long Blades
   604 | D:5      | Reached skill level 1 in Axes
   604 | D:5      | Reached skill level 1 in Maces & Flails
   604 | D:5      | Reached skill level 1 in Polearms
   604 | D:5      | Reached skill level 1 in Staves
   604 | D:5      | Reached skill level 1 in Slings
   604 | D:5      | Reached skill level 1 in Bows
   604 | D:5      | Reached skill level 1 in Crossbows
   604 | D:5      | Reached skill level 1 in Throwing
   604 | D:5      | Reached skill level 1 in Armour
   604 | D:5      | Reached skill level 1 in Shields
   604 | D:5      | Reached skill level 1 in Unarmed Combat
   604 | D:5      | Reached skill level 1 in Evocations
   611 | D:5      | Reached XP level 4. HP: 6/32 MP: 1/11
   625 | D:5      | Found a glowing golden altar of the Shining One.
   626 | D:5      | Found a burning altar of Makhleb.
   626 | D:5      | Found an ornate altar of the Wu Jian Council.
   626 | D:5      | Found an iron altar of Okawaru.
   626 | D:5      | Found a blossoming altar of Fedhas.
   629 | D:5      | Found a hide-covered altar of Uskayaw.
   629 | D:5      | Found an iron altar of Okawaru.
   629 | D:5      | Found a sacrificial altar of Ru.
   630 | D:5      | Found a white marble altar of Elyvilon.
   630 | D:5      | Found a sacrificial altar of Ru.
   631 | D:5      | Found a hazy altar of Hepliaklqana.
   631 | D:5      | Found a shimmering altar of Xom.
   638 | D:5      | Found a staircase to the Ecumenical Temple.
   643 | Temple   | Entered the Ecumenical Temple
   698 | Temple   | Became a worshipper of Cheibriados the Contemplative
   840 | D:7      | Noticed a bullfrog
   845 | D:7      | Killed a bullfrog
   845 | D:7      | Reached skill level 1 in Conjurations
   845 | D:7      | Reached skill level 1 in Hexes
   845 | D:7      | Reached skill level 1 in Charms
   845 | D:7      | Reached skill level 1 in Summonings
   845 | D:7      | Reached skill level 1 in Translocations
   845 | D:7      | Reached skill level 1 in Transmutations
   845 | D:7      | Reached skill level 1 in Fire Magic
   845 | D:7      | Reached skill level 1 in Ice Magic
   845 | D:7      | Reached skill level 1 in Air Magic
   845 | D:7      | Reached skill level 1 in Earth Magic
   845 | D:7      | Reached skill level 1 in Poison Magic
   845 | D:7      | Reached XP level 5. HP: 27/37 MP: 6/12
   855 | D:7      | Noticed a hippogriff
   861 | D:8      | Noticed an ogre
   872 | D:8      | Noticed a necrophage
   906 | D:8      | Noticed a centaur
   967 | D:9      | Learned a level 5 spell: Borgnjor's Vile Clutch
   967 | D:9      | Found a staircase to the Orcish Mines.
  1014 | D:9      | Noticed a death yak
  1014 | D:9      | Noticed a porcupine
  1051 | D:10     | Entered Level 10 of the Dungeon
  1063 | D:10     | Noticed Erica
  1087 | D:9      | Reached XP level 6. HP: 41/41 MP: 10/13
  1093 | D:9      | Learned a level 2 spell: Sticks to Snakes
  1103 | D:9      | Noticed Grum
  1133 | D:9      | Quit the game

Vault maps used:
D:1:      minmay_arrival_widening_spiral_narrow
D:2:      bloody_trog, gammafunk_temple_overflow_elements
D:3:      cheibrodos_thug_alley
D:4:      grunt_qazlal_sundering
D:5:      makhleb_heckhound_becter, tgw_sif, nemelex_altar_shiori,
          temple_doors_ab, first_ration, kennysheep_generic_room_7
D:6:      kennysheep_mini_moat, yredelemnul_forgotten_temple_becter
D:7:      basic_altar, the_bakery
D:8:      marbit_many_paths, fedhas_altar_1, hangedman_decor_push
D:9:      dpeg_lair_monsters, orc_0_dummy, uniq_grum
D:10:     corexii_checkpoint_a, uniq_erica
Temple:   minmay_temple_curvy_loop

Skill      XL: |  1  2  3  4 |
---------------+-------------+-----
Spellcasting   | 5 |  5.2
Invocations    | 1 |  1.9
Fighting       | 1 |  1.6
Short Blades   | 1 |  1.6
Long Blades    | 1 |  1.6
Axes           | 1 |  1.6
Maces & Flails | 1 |  1.6
Polearms       | 1 |  1.6
Staves         | 1 |  1.6
Slings         | 1 |  1.6
Bows           | 1 |  1.6
Crossbows      | 1 |  1.6
Throwing       | 1 |  1.6
Armour         | 1 |  1.6
Shields        | 1 |  1.6
Unarmed Combat | 1 |  1.6
Evocations     | 1 |  1.6
Conjurations   | 1 |  1.3
Hexes          | 1 |  1.3
Charms         | 1 |  1.3
Summonings     | 1 |  1.3
Translocations | 1 |  1.3
Transmutations | 1 |  1.3
Fire Magic     | 1 |  1.3
Ice Magic      | 1 |  1.3
Air Magic      | 1 |  1.3
Earth Magic    | 1 |  1.3
Poison Magic   | 1 |  1.3
Dodging        | |  4.8
Stealth        | |  4.5
Necromancy     | |  7.2

Action                   |  1- 3 |  4- 6 || total
-------------------------+-------+-------++-------
Melee: Dagger            |     3 |     3 ||     6
       Long sword        |       |    17 ||    17
       Bite              |       |     1 ||     1
Throw: Tomahawk          |       |     6 ||     6
 Cast: Pain              |    41 |     5 ||    46
       Regeneration      |     1 |     6 ||     7
       Vampiric Draining |       |     3 ||     3
       Animate Skeleton  |       |     4 ||     4
       Sticks to Snakes  |       |     6 ||     6
  Use: Potion            |     2 |     2 ||     4
       Scroll            |       |     5 ||     5
 Stab: Sleeping          |     2 |       ||     2
  Eat: Ration            |       |     1 ||     1
Armor: Robe              |     2 |     5 ||     7
Dodge: Dodged            |     5 |    38 ||    43
       Rpst.: Long sword |       |     4 ||     4

Table legend:
 A = Spawn XP
 B = Non-spawn XP
 C = Spawn XP percentage of total XP
 D = Spawn monster count
 E = Non-spawn monster count
 F = Spawn count percentage of total count
 G = Total turns spent on level
                    A         B        C        D         E        F      G
               +---------+---------+-------+---------+---------+-------+---------
         Total |       0 |     319 |   0.0 |       0 |      33 |   0.0 |  1133
               +---------+---------+-------+---------+---------+-------+---------
           D:1 |       0 |       5 |   0.0 |       0 |       4 |   0.0 |   166
           D:2 |       0 |      67 |   0.0 |       0 |      19 |   0.0 |   391
           D:3 |       0 |       1 |   0.0 |       0 |       1 |   0.0 |     6
           D:5 |       0 |      38 |   0.0 |       0 |       2 |   0.0 |    87
           D:7 |       0 |     118 |   0.0 |       0 |       2 |   0.0 |    56
           D:9 |       0 |      90 |   0.0 |       0 |       5 |   0.0 |   198
               +---------+---------+-------+---------+---------+-------+---------

Table legend:
 A = Turns spent in this place as a percentage of turns spent in the entire game.
 B = Non-inter-level travel turns spent in this place as a percentage of non-inter-level travel turns spent in the entire game.
 C = Inter-level travel turns spent in this place as a percentage of turns spent in this place.
 D = Turns resting spent in this place as a percentage of non-inter-level travel turns spent in this place.
 E = Turns spent auto-exploring this place as a percentage of non-inter-level travel turns spent in this place.
 F = Non-inter-level travel turns spent in this place divided by the number of levels of this place that you've seen.
                   A       B       C       D       E      F
               +-------+-------+-------+-------+-------+----------------------
         Total | 100.0 | 100.0 |   1.2 |   0.0 |   0.0 | 101.7
       Dungeon |  91.4 |  91.3 |   1.4 |   0.0 |   0.0 | 102.2
        Temple |   8.6 |   8.7 |   0.0 |   0.0 |   0.0 |  97.0
               +-------+-------+-------+-------+-------+----------------------

Table legend:
 A = Kills in this place as a percentage of kills in entire the game.
 B = Kills by you in this place as a percentage of kills by you in the entire game.
 C = Kills by friends in this place as a percentage of kills by friends in the entire game.
 D = Other kills in this place as a percentage of other kills in the entire game.
 E = Experience gained in this place as a percentage of experience gained in the entire game.
 F = Experience gained in this place divided by the number of levels of this place that you have seen.
                   A       B       C       D       E      F
               +-------+-------+-------+-------+-------+----------------------
         Total | 100.0 | 100.0 | 100.0 |   N/A | 100.0 |  29.0
       Dungeon | 100.0 | 100.0 | 100.0 |   N/A | 100.0 |  31.9
               +-------+-------+-------+-------+-------+----------------------

Vault maps used:
D:1:      minmay_arrival_widening_spiral_narrow
D:2:      bloody_trog, gammafunk_temple_overflow_elements
D:3:      cheibrodos_thug_alley
D:4:      grunt_qazlal_sundering
D:5:      makhleb_heckhound_becter, tgw_sif, nemelex_altar_shiori,
          temple_doors_ab, first_ration, kennysheep_generic_room_7
D:6:      kennysheep_mini_moat, yredelemnul_forgotten_temple_becter
D:7:      basic_altar, the_bakery
D:8:      marbit_many_paths, fedhas_altar_1, hangedman_decor_push
D:9:      dpeg_lair_monsters, orc_0_dummy, uniq_grum
D:10:     corexii_checkpoint_a, uniq_erica
Temple:   minmay_temple_curvy_loop
